 Dungeon Crawl Stone Soup version 0.30-b1-2-g02819fbbbe (webtiles) character file.

Game seed: 13169655344368494366

5855 Borgoz the Grappler (level 10, -1/90 HPs)
             Began as a Ghoul Monk on June 22, 2023.
             Was an Elder of Okawaru.
             Slain by a kobold
             ... wielding a +0 whip
              (3 damage)
             ... on level 9 of the Dungeon.
             The game lasted 00:14:15 (8876 turns).

Borgoz the Grappler (Ghoul Monk)                    Turns: 8876, Time: 00:14:15

Health: -1/90      AC: 13    Str: 20    XL:     10   Next: 81%
Magic:  10/12      EV: 22    Int:  5    God:    Okawaru [****..]
Gold:   527        SH:  0    Dex: 23    Spells: 9/9 levels left

rFire   . .          .
                       - Unarmed
rCold   + . .        c - orb {light}
rNeg    + + +        A - +0 steam dragon scales
rPois   ∞            (no helmet)
rElec   .            (no cloak)
rCorr   .            (no gloves)
SInv    .            d - +4 pair of boots "Hasubaargh" {+Inv}
Will    .....        (no amulet)
Stlth   ++           a - +6 ring of dexterity
HPRegen 0.00/turn    p - +6 ring of dexterity
MPRegen 0.13/turn

%: no passive effects
@: heroic, flying, inhibited regen, glowing
A: claws 1, cold resistance 1, negative energy resistance 3, inhibited
regeneration, torment resistance 2, devour on kill
a: Renounce Religion, Evoke Invisibility, Heroism, Finesse


You were on level 9 of the Dungeon.
You worshipped Okawaru.
Okawaru was greatly pleased with you.
You visited 2 branches of the dungeon, and saw 10 of its levels.

You collected 611 gold pieces.
You spent 84 gold pieces at shops.

Inventory:

Missiles
 w - 42 poisoned darts (quivered)
Armour
 c - an orb of light (worn)
 d - the +4 pair of boots "Hasubaargh" (worn) {+Inv}
   (You acquired it on level 5 of the Dungeon)

   +Inv:      It lets you turn invisible.
 s - a +0 kite shield
 A - +0 steam dragon scales (worn)
Jewellery
 a - a +6 ring of dexterity (left claw)
 e - a +4 ring of protection
 k - a ring of ice
 m - a ring of magical power
 p - a +6 ring of dexterity (right claw)
 y - an amulet of magic regeneration
 C - a ring of see invisible
Wands
 r - a wand of flame (8)
 t - a wand of iceblast (11)
Scrolls
 f - 4 scrolls of amnesia
 h - 2 scrolls of poison
 l - a scroll of silence {unknown}
 o - a scroll of enchant weapon {unknown}
 u - a scroll of brand weapon
 B - 2 scrolls of teleportation
Potions
 g - a potion of mutation {unknown}
 i - a potion of magic {unknown}
 n - 2 potions of brilliance {unknown}
 q - 2 potions of resistance
 x - a potion of flight
 z - a potion of lignification


   Skills:
 * Level 8.6(13.6) Fighting
 * Level 6.5(11.5) Armour
 * Level 7.1(12.1) Dodging
 - Level 4.8(9.8) Stealth
 * Level 8.6(13.6) Unarmed Combat
 + Level 4.0 Invocations
 - Level 2.6 Evocations


You had 9 spell levels left.
You didn't know any spells.
Your spell library contained the following spells:

 Spells                   Type           Power      Damage    Failure   Level
 Freeze                   Ice            0%         1d3       47%         1
 Kiss of Death            Conj/Necr      0%         2d5       47%         1
 Sandblast                Erth           0%         2d4       47%         1
 Passwall                 Tmut/Erth      0%         N/A       63%         2
 Frozen Ramparts          Ice            0%         1d1       85%         3
 Hailstorm                Conj/Ice       0%         3d3       85%         3
 Stone Arrow              Conj/Erth      0%         3d7       85%         3
 Vhi's Electric Charge    Tloc/Air       0%         N/A       85%         3
 Arcjolt                  Conj/Air       0%         1d10      100%        5
 Borgnjor's Vile Clutch   Necr/Erth      0%         N/A       100%        5
 Maxwell's Capacitive Co  Air            0%         ∞         100%        8
 Animate Armour           Summ/Erth      Unusable   N/A       N/A         4
 Ice Form                 Ice/Tmut       Unusable   N/A       N/A         4
 Summon Ice Beast         Ice/Summ       Unusable   N/A       N/A         4
 Simulacrum               Ice/Necr       Unusable   N/A       N/A         6

Dungeon Overview and Level Annotations

Branches:
Dungeon (9/15)             Temple (1/1) D:5             Orc (0/2) D:9
   Lair: D:8-11

Altars:
Ashenzari
Cheibriados
Dithmenos
Fedhas
Gozag
Hepliaklqana
Kikubaaqudgha
Makhleb
Nemelex Xobeh
Okawaru
Qazlal
Ru
Sif Muna
Trog
Uskayaw
Vehumet
Wu Jian

Shops:
D:2 *


Innate Abilities, Weirdness & Mutations

You are immune to poison.
You have sharp fingernails.
Your flesh is cold resistant. (rC+)
You are immune to negative energy. (rN+++)
You do not regenerate when monsters are visible.
You are immune to unholy pain and torment.
You thrive by killing the living.


Message History

The tengu warrior completely misses you.
The tengu warrior closely misses you.
You barely miss the tengu warrior.
The tengu warrior is almost dead.
The kobold misses you.
The tengu warrior hits you but does no damage.
The tengu warrior pecks you.
* * * LOW HITPOINT WARNING * * *
The tengu warrior claws you but does no damage.
You scratch the tengu warrior.
The tengu warrior is almost dead.
The kobold closely misses you.
You gain the combat prowess of a mighty hero.
The tengu warrior closely misses you. x2
The tengu warrior claws you but does no damage.
The kobold hits you but does no damage.
You barely miss the tengu warrior.
The tengu warrior is almost dead.
The tengu warrior hits you with a +0 glaive!!
* * * LOW HITPOINT WARNING * * *
The tengu warrior completely misses you.
The tengu warrior claws you but does no damage.
Okay, then.
Throw: 43 darts (poison)
Press: ? - help, Q - select action, (/) - cycle Shift-Dir - straight line, f/p - tengu warrior
Aim: a tengu warrior, wielding a +0 glaive and wearing a +0 ring mail (almost dead, haloed, 68% to hit)
You throw a poisoned dart.
The poisoned dart hits the tengu warrior!
The tengu warrior is poisoned.
The tengu warrior is almost dead.
The kobold completely misses you. The tengu warrior misses you. x2
The tengu warrior claws you but does no damage.
It was a potion of flight.
You feel very buoyant.
You fly up into the air.
The kobold closely misses you. The tengu warrior closely misses you.
The tengu warrior misses you. The tengu warrior closely misses you.
It was a potion of lignification.
You feel woody for a moment. The kobold hits you with a +0 whip.
You die...

+###...>..................
........##################
........#........
.##.....'........
#.....#........
#.....#........ ..
.##.....#........ ....
........#........ ....
.......)K@♣.....♣..#+##...
#####+#).Q♣♣...♣♣ .. .....
......♣ ♣.♣♣ ... #...
.<...♣♣♣. ♣ ♣♣.##...
...... ♣. ♣♣....... ......
♣♣ ♣♣♣........ ######
........... ♣..###).. .
♣...<)..


You could see a tengu warrior (very poisoned) and a kobold.

Vanquished Creatures
  A two-headed ogre (D:9)
  A wizard (D:9)
  Grinder (D:5)
  A wraith (D:9)
  5 yaks (D:9)
  A steam dragon (D:8)
  A water moccasin (D:8)
  4 orc warriors
  2 black bears
  A sky beast (D:7)
  An ice beast (D:6)
  4 ogres (D:6)
  2 centaurs
  4 phantoms
  4 kobold brigands
  2 scorpions (D:5)
  3 bullfrogs
  3 killer bees (D:8)
  A howler monkey (D:4)
  3 hounds
  8 orc priests
  Jessica (D:3)
  4 sleepcaps
  7 iguanas
  11 orc wizards
  4 gnolls (D:7)
  6 adders
  2 white imps
  5 worms
  5 dart slugs
  49 orcs
  4 bats
  15 endoplasms
  8 giant cockroaches
  12 goblins
  7 hobgoblins
  2 jackals (D:3)
  23 kobolds
  2 quokkas
  9 ball pythons
  7 frilled lizards
  9 rats
245 creatures vanquished.

Notes
Turn   | Place    | Note
-------+----------+-------------------------------------------
     0 | D:1      | Borgoz the Ghoul Monk began the quest for the Orb.
     0 | D:1      | Reached XP level 1. HP: 19/19 MP: 0/0
   223 | D:1      | Reached XP level 2. HP: 23/26 MP: 1/1
   854 | D:2      | Reached XP level 3. HP: 31/31 MP: 2/2
   873 | D:2      | Reached skill level 1 in Armour
  1045 | D:2      | Reached skill level 1 in Stealth
  1424 | D:2      | Reached XP level 4. HP: 22/40 MP: 3/3
  1560 | D:2      | Found Fatrorch's Assorted Antiques.
  1568 | D:2      | Bought a pink potion for 26 gold pieces
  1568 | D:2      | Bought a scroll labelled CYNUYSCHOCSY for 29 gold pieces
  1568 | D:2      | Bought a scroll labelled OSOEKHL GEJO for 29 gold pieces
  2149 | D:3      | Noticed Jessica
  2153 | D:3      | Killed Jessica
  2154 | D:3      | Reached XP level 5. HP: 46/46 MP: 4/4
  2677 | D:3      | Found a radiant altar of Vehumet.
  3015 | D:4      | Reached XP level 6. HP: 53/53 MP: 5/5
  3507 | D:4      | Found a bloodstained altar of Trog.
  3844 | D:5      | Entered Level 5 of the Dungeon
  3897 | D:5      | Reached XP level 7. HP: 28/60 MP: 6/6
  4072 | D:5      | Reached skill level 5 in Fighting
  4072 | D:5      | Reached skill level 5 in Unarmed Combat
  4178 | D:5      | Found a staircase to the Ecumenical Temple.
  4437 | D:5      | Noticed Grinder
  4547 | D:5      | Paralysed by Grinder for 2 turns
  4561 | D:4      | Reached XP level 8. HP: 58/69 MP: 7/7
  4601 | D:5      | Paralysed by Grinder for 2 turns
  4774 | D:5      | Found an ancient bone altar of Kikubaaqudgha.
  4849 | Temple   | Entered the Ecumenical Temple
  5189 | D:5      | Identified a scroll of acquirement
  5189 | D:5      | Acquired the +4 pair of boots "Hasubaargh" {+Inv}
  5693 | D:5      | Paralysed by Grinder for 3 turns
  5711 | D:5      | Killed Grinder
  5905 | D:6      | Found an iron altar of Okawaru.
  5931 | D:6      | Became a worshipper of Warmaster Okawaru
  5931 | D:6      | Reached * piety under Okawaru
  5931 | D:6      | Reached ** piety under Okawaru
  5951 | D:6      | Reached skill level 5 in Dodging
  5968 | D:6      | Reached skill level 1 in Evocations
  6122 | D:6      | Reached skill level 1 in Invocations
  6335 | D:6      | Reached XP level 9. HP: 71/78 MP: 8/8
  7109 | D:7      | Found a sacrificial altar of Ru.
  7130 | D:7      | Reached skill level 5 in Armour
  7897 | D:8      | Identified the +8 great sword of Roepp {freeze, rN+ Str+3}
  8309 | D:8      | Reached XP level 10. HP: 84/86 MP: 11/11
  8376 | D:9      | Noticed a two-headed ogre
  8384 | D:9      | Killed a two-headed ogre
  8384 | D:9      | Reached *** piety under Okawaru
  8532 | D:9      | Noticed a wizard
  8552 | D:9      | Killed a wizard
  8578 | D:9      | Found a staircase to the Orcish Mines.
  8602 | D:9      | Reached **** piety under Okawaru
  8681 | D:9      | Got Sawij's Book of Minerals and Dark Secrets
  8834 | D:9      | Noticed a tengu warrior
  8873 | D:9      | HP: 2/90 [tengu warrior/+0 glaive (19)]
  8876 | D:9      | Slain by a kobold

Illustrated notes

Levels and vault maps discovered:
D:1:      dpeg_arrival_water_temple_mockup, layout_loops_ring, eino_curves_02,
          minivault_11, minmay_bisected
D:2:      layout_basic, serial_shops, shop, glass_columns_a,
          kennysheep_nondescript, minmay_pentomino_pile
D:3:      layout_loops_corners, mainiacjoe_overflow_alcove_4, minmay_guardbox,
          uniq_jessica
D:4:      layout_layer_cave, bloody_trog
D:5:      layout_basic, mainiacjoe_overflow_brackets,
          minmay_temple_entry_proselytizer, serial_curves, eino_curves_03,
          eino_curves_01, minmay_stone_trees_small,
          chequers_serial_rivers_room_a, uniq_grinder
D:6:      layout_basic, okawaru_ov_weapons_minmay
D:7:      layout_cave_pools, lemuel_doored_altar
D:8:      layout_layer_cave
D:9:      layout_stronghold, mainiacjoe_overflow_24_doors, orc_david_3,
          kb_rosetta
Temple:   nicolae_temple_bog_church

Skill      XL: |  1  2  3  4  5  6  7  8  9 10 |
---------------+-------------------------------+-----
Armour         | 1 2 3 4 5 6 |  6.5
Dodging        | 3 4 5 6 7 |  7.1
Stealth        | 1 2 3 4 |  4.8
Fighting       | 4 5 6 7 8 |  8.6
Unarmed Combat | 4 5 6 7 8 |  8.6
Evocations     | 1 2 |  2.6
Invocations    | 1 2 4 |  4.0

Action                     |  1- 3 |  4- 6 |  7- 9 | 10-12 || total
---------------------------+-------+-------+-------+-------++-------
  Melee: Unarmed           |    88 |   201 |   353 |   137 ||   779
  Throw: Dart              |       |       |       |     1 ||     1
         Throwing net      |       |       |       |     1 ||     1
 Invoke: Heroism           |       |       |     8 |     4 ||    12
  Evoke: Wand              |       |       |       |     4 ||     4
    Use: Scroll            |       |     6 |    10 |       ||    16
         Potion            |       |     4 |       |     8 ||    12
   Stab: Distracted        |       |       |     1 |       ||     1
         Held in net/web   |       |       |       |     1 ||     1
 Armour: Robe              |    12 |    10 |       |       ||    22
         Ring mail         |       |    31 |   109 |       ||   140
         Steam dragon scal |       |       |     8 |    66 ||    74
  Dodge: Dodged            |    34 |    95 |   260 |   162 ||   551
